Map: Site Delta LE

Players

Szulock

  • Race: Zerg Zerg
  • League: Platinum
  • Spawn Location: 5:00

demzi - Winner!

  • Race: Zerg Zerg
  • League: Diamond
  • Spawn Location: 11:00

VOD

Have the link to the VOD?

Description

Time

  • Played on: March 24, 2024, 5:11 p.m.
  • Length: 7:57
Show
View Real Time Build Order
Export as new Build Order

Szulock Zerg 

Build Orders: Pool First, Swarm Host 

Get SALT Encoding   

  12  0:00  Drone  
  13  0:10  Drone  
  14  0:16  Overlord  
  14  0:35  Drone x3  
  17  0:45  Spawning Pool  
  16  1:12  Hatchery  
  15  1:19  Overlord  
  15  1:31  Zergling x6  
  18  1:43  Zergling x2  
  18  1:44  Queen  
  21  1:54  Zergling x2  
  22  2:08  Zergling x2  
  23  2:16  Zergling x2  
  23  2:30  Zergling x4  
  25  2:41  Zergling x4  
  23  2:55  Drone x5  
  23  2:57  Drone  
  29  2:59  Extractor  
  29  3:01  Extractor  
  29  3:03  Drone  
  28  3:14  Drone x2, Hatchery  
  29  3:24  Drone x2  
  31  3:37  Drone x3  
  31  3:38  Drone  
  35  3:47  Drone  
  36  3:49  Overlord  
  36  3:52  Overlord  
  36  3:53  Overlord  
  36  4:01  Lair  
  36  4:02  Overlord  
  36  4:15  Roach Warren  
  36  4:16  Drone x3  
  38  4:18  Drone  
  39  4:56  Roach x11  
  39  4:59  Roach  
  63  5:06  Baneling Nest  
  62  5:08  Drone x3  
  62  5:09  Drone  
  66  5:20  Drone x3  
  66  5:21  Drone  
  70  5:24  Drone  
  71  5:34  Drone x3  
  74  5:44  Overlord  
  74  5:45  Overlord x4  
  73  6:10  Evolution Chamber  
  72  6:16  Infestation Pit  
  42  6:57  Swarm Host  
  42  6:58  Swarm Host x6  
  59  7:09  Zergling x2  
  59  7:10  Zergling x12  
  59  7:17  Zergling x6  
Show
View Real Time Build Order
Export as new Build Order

demzi Zerg - Winner!

Build Orders: Hatch First 

Get SALT Encoding   

  12  0:00  Drone  
  13  0:13  Overlord  
  13  0:17  Drone  
  14  0:31  Drone x2  
  16  0:50  Hatchery  
  16  0:53  Drone  
  16  0:56  Drone  
  17  0:59  Drone  
  18  1:08  Extractor  
  17  1:16  Spawning Pool  
  16  1:19  Drone  
  16  1:22  Drone  
  18  1:28  Drone  
  19  1:39  Drone  
  20  1:50  Overlord  
  20  2:02  Queen  
  20  2:03  Queen  
  20  2:04  Zergling x4  
  26  2:14  Spine Crawler  
  25  2:16  Zergling x2  
  25  2:17  Zergling x2  
  25  2:51  Drone x6  
  31  3:05  Drone  
  31  3:06  Drone  
  33  3:16  Roach Warren  
  33  3:19  Evolution Chamber  
  31  3:20  Evolution Chamber  
  31  3:25  Drone  
  31  3:26  Drone x5  
  36  3:27  Overlord  
  36  3:43  Extractor  
  36  3:44  Drone  
  36  3:48  Zerg Missile Weapons Level 1  
  36  3:50  Zerg Ground Armor Level 1  
  38  3:57  Overlord  
  38  4:00  Drone x5  
  38  4:02  Drone x2  
  43  4:03  Drone  
  44  4:15  Lair  
  44  4:16  Overlord x2  
  44  4:24  Roach x2  
  48  4:25  Roach  
  50  4:32  Overlord  
  50  4:39  Roach x4  
  50  4:41  Roach  
  60  4:56  Roach x3  
  60  4:59  Roach  
  68  5:03  Overlord  
  68  5:04  Overlord  
  68  5:07  Drone x3  
  68  5:08  Extractor, Drone  
  71  5:17  Glial Reconstitution  
  71  5:26  Roach  
  71  5:27  Roach  
  75  5:38  Spore Crawler  
  75  5:41  Drone x2, Spore Crawler  
  75  5:45  Spore Crawler  
  75  5:46  Drone x3, Spore Crawler  
  75  5:47  Drone  
  77  5:50  Roach x2  
  77  5:54  Overlord x2  
  81  5:58  Roach x4  
  81  5:59  Roach  
  91  6:09  Overlord x2  
  91  6:17  Roach x2  
  92  6:29  Roach  
  92  6:30  Roach x6  
  99  6:40  Roach x2  
  101  6:49  Roach x2  
  105  6:57  Hatchery  
  104  7:16  Roach x7  
  104  7:17  Roach x3  
Tags
 
Composition
Swarm Host
Matchup
ZvZ
Race
Zerg
Replay Pack
Multiplayer
Spawn Locations
Cross Positions
Add a new tag
Caveats
  • Supply blocks, unpowered buildings, or Contaminate may cause inaccurate times.
  • Supply counts are checked every 10 seconds.